 Dungeon Crawl Stone Soup version 0.28.0 (webtiles) character file.

Game seed: 9393412601197932928

10024 Dorkslayer the Carver (level 11, -23/86 HPs)
             Began as a Demonspawn Fighter on July 13, 2022.
             Was an Initiate of Gozag.
             Killed from afar by smazza's ghost (29 damage)
             ... with a stone arrow
             ... on level 10 of the Dungeon.
             The game lasted 00:36:15 (13189 turns).

Dorkslayer the Carver (Demonspawn Fighter)         Turns: 13189, Time: 00:36:16

Health: -23/86     AC: 28    Str: 20    XL:     11   Next: 30%
Magic:  11/11      EV:  4    Int:  9    God:    Gozag
Gold:   1247       SH:  5    Dex: 14    Spells: 10/10 levels left

rFire   + . .      SeeInvis .   y - +10 triple sword of Xuklusik {freeze, Fly rElec rPois rF+}
rCold   . . .      Faith    .   (shield currently unavailable)
rNeg    . . .      Spirit   .   x - +0 crystal plate armour
rPois   +          Reflect  +   c - +2 helmet
rElec   +          Harm     .   b - +2 cloak
rCorr   .          Rampage  .   (gloves unavailable)
Will    .....                   f - +1 pair of boots
Stlth   ..........              A - amulet of reflection
HPRegen 0.24/turn               w - +4 ring of slaying
MPRegen 0.12/turn               (no ring)

@: flying
A: demonic guardian 2, spiny 1, sharp scales 1, demonic touch 3
a: Renounce Religion, Potion Petition, Call Merchant, Bribe Branch


You were on level 10 of the Dungeon.
You worshipped Gozag.
Gozag was most pleased with you.
You visited 2 branches of the dungeon, and saw 11 of its levels.
You also visited: Ossuary and Bailey.

You collected 1711 gold pieces.
You spent 360 gold pieces at shops.
You paid 104 gold pieces to Gozag.

Inventory:

Hand Weapons
 a - a +3 long sword of flaming
 y - the +10 triple sword of Xuklusik (weapon) {freeze, Fly rElec rPois rF+}
   (You found it in a bailey)

   It freezes those it strikes, dealing additional cold damage.
   It can also slow down cold-blooded creatures.
   rF:        It protects you from fire.
   rElec:     It insulates you from electricity.
   rPois:     It protects you from poison.
   Fly:       It grants you flight.
Missiles
 j - 28 poisoned darts
 v - 26 javelins (quivered)
 B - 5 atropa-tipped darts
Armour
 b - a +2 cloak (worn)
 c - a +2 helmet (worn)
 f - a +1 pair of boots (worn)
 x - a +0 crystal plate armour (worn)
Jewellery
 w - a +4 ring of slaying (left hand)
 A - an amulet of reflection (around neck)
Wands
 m - a wand of flame (5)
 o - a wand of mindburst (8)
 s - a wand of digging (3)
 z - a wand of polymorph (11)
Scrolls
 g - 5 scrolls of teleportation
 h - 3 scrolls of fog
 l - a scroll of blinking
 n - a scroll of brand weapon
 C - 2 scrolls of immolation
 G - a scroll of magic mapping
Potions
 d - 2 potions of might
 e - 4 potions of mutation
 i - a potion of flight
 k - 3 potions of curing
 p - a potion of magic
 q - 2 potions of haste
 r - a potion of ambrosia {unknown}
 t - a potion of invisibility {unknown}
 u - a potion of berserk rage {unknown}
 D - 2 potions of brilliance
 E - a potion of cancellation {unknown}


   Skills:
 * Level 8.2 Fighting
 * Level 9.2 Long Blades
 * Level 4.0 Throwing
 * Level 6.9 Armour
 * Level 2.2 Dodging
 + Level 1.0 Stealth
 + Level 4.0 Shields
 + Level 4.8 Unarmed Combat
 * Level 6.8 Evocations


You had 10 spell levels left.
You didn't know any spells.
Your spell library contained the following spells:

 Spells                   Type           Power      Damage    Failure   Level
 Foxfire                  Conj/Fire      0%         2x1d4     100%        1
 Pain                     Necr           0%         1d4       100%        1
 Summon Small Mammal      Summ           0%         N/A       100%        1
 Call Canine Familiar     Summ           0%         N/A       100%        3
 Conjure Flame            Conj/Fire      0%         6-21      100%        3
 Dazzling Flash           Conj/Hex       0%         N/A       100%        3
 Inner Flame              Hex/Fire       0%         N/A       100%        3
 Summon Guardian Golem    Hex/Summ       0%         N/A       100%        3
 Flame Wave               Conj/Fire      0%         2d4       100%        4
 Summon Lightning Spire   Summ/Air       0%         N/A       100%        4
 Agony                    Necr           0%         N/A       100%        5
 Excruciating Wounds      Necr           0%         N/A       100%        5
 Silence                  Hex/Air        0%         N/A       100%        5
 Storm Form               Tmut/Air       0%         N/A       100%        7
 Maxwell's Capacitive Co  Air            0%         ∞         100%        8


Dungeon Overview and Level Annotations

Branches:
Dungeon (10/15)            Temple (1/1) D:6            Lair (0/6) D:8
Ossuary (visited)          Bailey (visited)
    Orc: D:9-12

Altars:
Ashenzari
Cheibriados
Dithmenos
Elyvilon
Fedhas
Gozag
Makhleb
Nemelex Xobeh
Okawaru
Qazlal
Ru
Sif Muna
Trog
Uskayaw
Vehumet
Wu Jian
Xom
Yredelemnul
Zin
The Shining One

Shops:
D:1 [   D:6 =

Annotations:
D:10 smazza's ghost, journeyman GrEE


Innate Abilities, Weirdness & Mutations

A demonic guardian rushes to your aid.
You are partially covered in sharp spines.
You are partially covered in razor-sharp scales. (AC +1, Slay +1)
Your touch may irresistibly damage your foes and sap their willpower.


Message History

You slice the hornet!! You freeze the hornet.
The hornet is almost dead.
The hornet stings you. The hornet barely misses you.
You hit the hornet. You freeze the hornet.
You kill the hornet!
Your Shields skill increases to level 4!
You now have 1247 gold pieces (gained 6).
Found a shiny orb.
Found a shortbow, a scroll of immolation and 20 gold pieces.
Found a runed translucent door.
You reach down and open the door.
You closely miss smazza's ghost.
Smazza's ghost points at you and mumbles some strange words.
The stone arrow hits you!!
Smazza's ghost hits you but does no damage.
You hear a shout!
You slash smazza's ghost! You freeze smazza's ghost.
Smazza's ghost is lightly damaged.
Smazza's ghost hits you but does no damage.
An orc high priest comes into view. It is wielding a +1 battleaxe of pain.
You slice smazza's ghost!! You freeze smazza's ghost!
Smazza's ghost is severely damaged.
Smazza's ghost hits you but does no damage.
You slash smazza's ghost! You freeze smazza's ghost.
Smazza's ghost is almost destroyed.
Smazza's ghost gestures wildly while chanting.
Smazza's ghost blinks!
Smazza's ghost points at you and mumbles some strange words.
The stone arrow hits you!!!
* * * LOW HITPOINT WARNING * * *
A demonic guardian appears!
The orc high priest hits you but does no damage.
You writhe in agony!
* * * LOW HITPOINT WARNING * * *
The orc high priest hits your smoke demon with a +1 battleaxe of pain!
You feel better.
Smazza's ghost points at you and mumbles some strange words.
The stone arrow hits you!!
You die...
Your body crumbles into a pile of gold.

.............#
.............#
.............#####
.................#
########............#
....[.#####>.).....###
####....#§§ #...#......#
.......3o§§ #...#......#
.......@#§§ #..........#
.....#..#####..........#
.......#....#...........
##..W..#................
#.....#...#............
#.........##............
#.......................
.........########.......
.............#..#.......


You could see an orc high priest (ally target), smazza's ghost and a friendly
smoke demon (summoned).

Vanquished Creatures
  An ugly thing (D:9)
  2 trolls (D:9)
  2 hornets
  Sigmund (D:5)
  7 yaks (D:9)
  Eustachio (D:5)
  A wyvern (D:9)
  2 steam dragons
  Menkaure (Ossuary)
  Edmund (D:5)
  A sky beast (D:6)
  9 orc warriors
  4 ice beasts
  3 black bears
  13 centaurs
  4 ogres
  A phantom (D:5)
  2 kobold brigands (D:9)
  3 bullfrogs
  5 scorpions
  6 killer bees (D:9)
  13 wights
  3 howler monkeys (D:9)
  3 centaur zombies
  A jelly (D:5)
  3 orc priests
  2 bullfrog skeletons (D:5)
  A gnoll shaman (D:5)
  2 centaur skeletons
  Crazy Yiuf (D:7)
  2 iguanas
  4 orc wizards
  A killer bee zombie (D:8)
  4 mummies
  A howler monkey zombie (D:7)
  5 adders
  10 gnolls
  A white imp (D:6)
  2 ufetubi
  3 worms (D:2)
  2 dart slugs
  32 orcs
  9 ball pythons
  7 bats
  6 endoplasms
  A giant cockroach (D:3)
  A gnoll zombie (Ossuary)
  11 goblins
  6 hobgoblins
  3 jackals (D:1)
  3 quokkas
  2 frilled lizards (D:3)
  2 gnoll skeletons (Ossuary)
  4 goblin skeletons (Ossuary)
  8 goblin zombies (Ossuary)
  5 hobgoblin skeletons (Ossuary)
  7 hobgoblin zombies (Ossuary)
  10 kobolds
  4 kobold skeletons (Ossuary)
  3 kobold zombies (Ossuary)
  4 orc skeletons (Ossuary)
  4 orc zombies (Ossuary)
  4 rats
  5 rat skeletons (Ossuary)
  A rat zombie (Ossuary)
276 creatures vanquished.

Vanquished Creatures (collateral kills)
  The ghost of Skilfsilihog the Fighter, a journeyman MiFi of Okawaru (D:9)
  Pikel (D:7)
  An orc warrior (Bailey)
  2 centaurs (Bailey)
  2 wights
  A gnoll shaman (D:8)
  A dart slug (D:1)
  An orc (Bailey)
  A hobgoblin (D:1)
  A goblin zombie (Ossuary)
  A kobold skeleton (Ossuary)
13 creatures vanquished.

Vanquished Creatures (others)
  6 fungi
  3 plants
9 creatures vanquished.

Grand Total: 298 creatures vanquished

Notes
Turn   | Place    | Note
-------+----------+-------------------------------------------
     0 | D:1      | Dorkslayer the Demonspawn Fighter began the quest for the
                  | Orb.
     0 | D:1      | Reached XP level 1. HP: 18/18 MP: 1/1
    16 | D:1      | Found Ifac Koo's Antique Armour Shoppe.
    97 | D:1      | Gained mutation: You are partially covered in sharp spines.
                  | [demonic ancestry]
    97 | D:1      | Reached XP level 2. HP: 16/24 MP: 2/2
   425 | D:1      | Reached skill level 2 in Long Blades
   561 | D:1      | Gained mutation: A weak demonic guardian rushes to your
                  | aid. [demonic ancestry]
   561 | D:1      | Reached XP level 3. HP: 29/29 MP: 3/3
   891 | D:2      | Found a blossoming altar of Fedhas.
   899 | D:2      | Reached skill level 1 in Dodging
  1038 | D:2      | Found a faded altar of an unknown god.
  1202 | D:2      | Gained mutation: Your touch may inflict minor irresistible
                  | damage on your foes. [demonic ancestry]
  1202 | D:2      | Reached XP level 4. HP: 35/35 MP: 4/4
  2145 | D:3      | Reached skill level 3 in Long Blades
  2533 | D:4      | Gained mutation: Your touch may inflict irresistible damage
                  | on your foes. [demonic ancestry]
  2533 | D:4      | Reached XP level 5. HP: 35/42 MP: 5/5
  2600 | D:4      | Reached skill level 1 in Unarmed Combat
  3127 | D:4      | Noticed an ogre
  3137 | D:4      | Killed an ogre
  3138 | D:4      | Reached XP level 6. HP: 34/48 MP: 6/6
  3500 | D:4      | Reached skill level 1 in Evocations
  3855 | D:5      | Entered Level 5 of the Dungeon
  4169 | D:5      | Reached XP level 7. HP: 47/55 MP: 7/7
  4280 | D:5      | Noticed Sigmund
  4292 | D:5      | Killed Sigmund
  4293 | D:5      | Reached skill level 4 in Long Blades
  4293 | D:5      | Reached skill level 1 in Throwing
  4869 | D:5      | Noticed Edmund
  4901 | D:5      | Killed Edmund
  4902 | D:5      | Reached skill level 5 in Fighting
  4902 | D:5      | Reached XP level 8. HP: 21/62 MP: 8/8
  5560 | D:5      | Reached skill level 5 in Long Blades
  5561 | D:5      | Noticed Eustachio
  5572 | D:5      | Killed Eustachio
  6066 | D:6      | Found a staircase to the Ecumenical Temple.
  6151 | D:6      | Found a sand-covered staircase.
  6160 | Ossuary  | Entered an ossuary
  6672 | Ossuary  | Noticed Menkaure
  6676 | Ossuary  | Killed Menkaure
  6677 | Ossuary  | Reached skill level 6 in Long Blades
  6677 | Ossuary  | Gained mutation: A demonic guardian rushes to your aid.
                  | [demonic ancestry]
  6677 | Ossuary  | Reached XP level 9. HP: 33/69 MP: 9/9
  6978 | D:6      | Found Lotepn's Jewellery Emporium.
  7046 | Temple   | Entered the Ecumenical Temple
  7088 | Temple   | Became a worshipper of Gozag Ym Sagoz the Greedy
  7704 | D:7      | Reached skill level 5 in Armour
  7911 | D:7      | Noticed Pikel
  7947 | D:7      | Killed Pikel
  8241 | D:7      | Reached skill level 7 in Long Blades
  8275 | D:7      | Found a runed translucent door.
  8276 | D:7      | Noticed Crazy Yiuf
  8308 | D:7      | Killed Crazy Yiuf
  8956 | D:8      | Identified a scroll of acquirement
  8956 | D:8      | Acquired a +4 ring of slaying
  9031 | D:8      | Found a flagged portal.
  9044 | Bailey   | Entered a bailey
  9074 | Bailey   | Reached skill level 5 in Evocations
  9754 | Bailey   | Gained mutation: Your touch may irresistibly damage your
                  | foes and sap their willpower. [demonic ancestry]
  9754 | Bailey   | Reached XP level 10. HP: 71/77 MP: 10/10
 10845 | Bailey   | Identified the +10 triple sword of Xuklusik {freeze, Fly
                  | rElec rPois rF+}
 11294 | D:8      | Found a staircase to the Lair.
 12095 | D:6      | Bought an amulet of reflection for 360 gold pieces
 12258 | D:9      | Reached skill level 8 in Long Blades
 12329 | D:9      | Noticed a purple ugly thing
 12337 | D:9      | Killed a purple ugly thing
 12369 | D:9      | Identified the +1 leather armour of Louvis {rC+ SInv
                  | Stlth+}
 12377 | D:9      | Noticed Skilfsilihog's ghost (journeyman MiFi)
 12381 | D:9      | Found a runed translucent door.
 12398 | D:9      | Killed Skilfsilihog's ghost
 12399 | D:9      | Gained mutation: You are partially covered in razor-sharp
                  | scales. (AC +1, Slay +1) [demonic ancestry]
 12399 | D:9      | Reached XP level 11. HP: 39/86 MP: 11/11
 12621 | D:9      | Reached skill level 1 in Stealth
 12734 | D:9      | Reached skill level 9 in Long Blades
 13127 | D:10     | Entered Level 10 of the Dungeon
 13182 | D:10     | Found a runed translucent door.
 13182 | D:10     | Noticed smazza's ghost (journeyman GrEE)
 13186 | D:10     | Noticed an orc high priest
 13188 | D:10     | HP: 1/86 [orc high priest (9)]
 13189 | D:10     | Killed from afar by smazza's ghost

Illustrated notes

Levels and vault maps discovered:
D:1:      amcnicky_arrival_gap_in_the_tavern_cellar, layout_basic, serial_shops,
          nicolae_shop_crystal
D:2:      layout_basic, basic_altar, basic_ecumenical_altar,
          minmay_small_reverse_x
D:3:      layout_loops_ring, st_stairs_11, nicolae_underground_beach
D:4:      layout_layer_cave
D:5:      layout_basic, abandoned_shop, minmay_misc_feat_rows, uniq_eustachio,
          uniq_edmund, uniq_sigmund
D:6:      layout_loops_ring, minmay_temple_entry_mini_moons,
          gup_ossuary_entry_pyramid, serial_shops, nicolae_shop_behind_doors,
          lightli_orcish_oven
D:7:      layout_basic, uniq_crazy_yiuf_cottage, uniq_pikel
D:8:      layout_cave_pods, grunt_lair_entry_orc_guard_hut, enter_bailey_2,
          hangedman_decor_points
D:9:      minmay_opposing_rooms, layout_rooms, lemuel_tele_altar,
          hellmonk_ghost_happy_afterlife
D:10:     layout_basic, ebering_ghost_inner_flame
Temple:   kilobyte_greek_temple

Skill      XL: |  1  2  3  4  5  6  7  8  9 10 11 |
---------------+----------------------------------+-----
Long Blades    | 2 3 4 6 7 8 9 |  9.2
Armour         | 3 4 5 6 |  6.9
Shields        | 3 4 |  4.0
Dodging        | 1 2 |  2.2
Unarmed Combat | 1 2 3 4 |  4.8
Fighting       | 4 5 6 7 8 |  8.2
Evocations     | 2 3 5 6 |  6.8
Throwing       | 1 2 3 4 |  4.0
Stealth        | 1 |  1.0

Action                   |  1- 3 |  4- 6 |  7- 9 | 10-12 || total
-------------------------+-------+-------+-------+-------++-------
Melee: Long sword        |    75 |    99 |   356 |    33 ||   563
       Triple sword      |       |       |       |    99 ||    99
Throw: Dart              |       |    11 |    19 |     1 ||    31
       Boomerang         |       |       |    18 |    52 ||    70
       Throwing net      |       |       |     1 |       ||     1
       Javelin           |       |       |       |    12 ||    12
Evoke: Wand              |       |       |     4 |    15 ||    19
  Use: Scroll            |     2 |     2 |    13 |     9 ||    26
       Potion            |       |     2 |     5 |     3 ||    10
 Stab: Distracted        |       |       |     1 |     2 ||     3
Armor: Scale mail        |    30 |       |       |       ||    30
       Plate armour      |    10 |    64 |   208 |    25 ||   307
       Crystal plate arm |       |       |       |   150 ||   150
Dodge: Dodged            |    34 |    22 |    73 |    53 ||   182
Block: Buckler           |    21 |    21 |    74 |    18 ||   134
       Other             |       |       |       |    33 ||    33
       Reflection        |       |       |       |     7 ||     7
